 Dungeon Crawl Stone Soup version 0.32-a0-975-g85d4e5bfdb (webtiles) character file.

Game seed: 16088122172463076575

1 ezpacito the Chopper (level 1, -2/18 HPs)
             Began as a Coglin Chaos Knight on Apr 19, 2024.
             Was a Plaything of Xom.
             Slain by a hobgoblin
             ... wielding a +0 quarterstaff
              (9 damage)
             ... on level 1 of the Dungeon.
             The game lasted 00:00:04 (49 turns).

ezpacito the Chopper (Coglin Chaos Knight)            Turns: 49, Time: 00:00:05

Health: -2/18      AC:  5    Str: 12    XL:     1   Next: 20%
Magic:  1/1        EV: 10    Int: 11    God:    Xom [..*...]
Gold:   9          SH:  0    Dex: 13    Spells: 0/0 levels left

rFire   . . .        a - +0 hand axe (chaos) {Prani}
rCold   . . .        d - +0 dagger {Dagmar}
rNeg    . . .        b - +2 leather armour
rPois   .            (no helmet)
rElec   .            (no cloak)
rCorr   .            (no gloves)
SInv    .            (no boots)
Will    .....        (amulet unavailable)
Stlth   +            (ring unavailable)
HPRegen 0.23/turn    (ring unavailable)
MPRegen 0.07/turn    (no gizmo)

%: no passive effects
@: revving
A: off-hand wielding, slow wielding, warmup strikes, no jewellery
a: Invent Gizmo, Renounce Religion


You were on level 1 of the Dungeon.
You worshipped Xom.
You were a toy of Xom.
You visited 1 branch of the dungeon, and saw 1 of its levels.

You collected 9 gold pieces.

Inventory:

Hand Weapons
 a - a +0 hand axe of chaos (weapon) {Prani}
 d - a +0 dagger (offhand) {Dagmar}
Armour
 b - a +2 leather armour (worn)
Scrolls
 c - a scroll of butterflies


   Skills:
 * Level 3.0 Fighting
 * Level 3.0 Axes
 * Level 0.1(1.5) Polearms
 * Level 1.7 Armour
 * Level 0.9 Dodging
 + Level 0.0 Stealth
 + Level 0.0 Spellcasting


You couldn't memorise any spells.
You didn't know any spells.
Your spell library was empty.

Dungeon Overview and Level Annotations

Branches:
Dungeon (1/15)

Altars:


Innate Abilities, Weirdness & Mutations

You can wield a second weapon in your off-hand.
It takes a long time for you to wield or remove held weapons.
Your first few attacks do less damage.
You cannot equip rings or amulets.


Message History

No target in view!
No target in view!
No target in view!
You now have 9 gold pieces.
Things that are here:
a +0 club; a goblin corpse You open the door.
A hobgoblin comes into view. It is wielding a +0 quarterstaff.
The hobgoblin shouts!
A hobgoblin is nearby!
The hobgoblin hits you with a +0 quarterstaff!
You take 8 damage, and have 10/18 hp.
MASSIVE DAMAGE!!
You are too injured to fight recklessly!
You are too injured to fight recklessly!
You are too injured to fight recklessly!
You are too injured to fight recklessly!
You are too injured to fight recklessly!
You are too injured to fight recklessly!
A hobgoblin is nearby!
A hobgoblin is nearby!
You are too injured to fight recklessly!
You are too injured to fight recklessly!
You hit the hobgoblin with your +0 dagger.
The hobgoblin is heavily wounded.
You hit the hobgoblin with your +0 hand axe of chaos.
You feel better.
The hobgoblin hits you but does no damage.
You regained 2 hp, and now have 12/18 hp.
You closely miss the hobgoblin with your +0 hand axe of chaos.
The hobgoblin is severely wounded.
You closely miss the hobgoblin with your +0 dagger.
The hobgoblin hits you with a +0 quarterstaff.
You take 5 damage, and have 7/18 hp.
MASSIVE DAMAGE!!
You barely miss the hobgoblin with your +0 hand axe of chaos.
The hobgoblin is severely wounded.
You barely miss the hobgoblin with your +0 dagger.
The hobgoblin hits you with a +0 quarterstaff!
Ouch! That really hurt!
You die... "It's all fun and games until someone loses an eye."

######### #........
########.#######
#########.....##.#.....#
#.............##.#.###.#
#..............#.#......
#..............#>.......
#.....g@.......###......
#####...##'###.....#.)..
#...##.# ####.###.#.
#...##.. #.....#.
#...##### ###.#.#.##
##### #.........
#.#.#.#.#. ...#.#...
#.#.###.###.


You could see a hobgoblin.

Vanquished Creatures
  A goblin (D:1)
1 creature vanquished.

Notes
Turn   | Place    | Note
-------+----------+-------------------------------------------
     0 | D:1      | ezpacito the Coglin Chaos Knight began the quest for the
                  | Orb.
     0 | D:1      | Reached XP level 1. HP: 18/18 MP: 1/1
    49 | D:1      | Slain by a hobgoblin

Illustrated notes

Levels and vault maps discovered:
D:1:      roderic_chinese_lattice_arrival, layout_basic,
          chequers_serial_rivers_small_3, nicolae_shop_unique_rings

Action                     || total
---------------------------++-------
  Melee: Hand axe          ||     5
         Dagger            ||     4
 Armour: Leather armour    ||     4
  Dodge: Dodged            ||     1

Table legend: (Time is in decaauts)
 A = Elapsed time spent in this place.
 B = Non-inter-level travel time spent in this place.
 C = Inter-level travel time spent in this place.
 D = Time resting spent in this place.
 E = Time spent auto-exploring this place.
 F = Levels seen in this place.
 G = Mean time per level.
                   A        B        C        D        E       F      G
               +--------+--------+--------+--------+--------+-----+--------+
         Total |     49 |     49 |      0 |      0 |     39 |   1 |   49.0 |
       Dungeon |     49 |     49 |      0 |      0 |     39 |   1 |   49.0 |
               +--------+--------+--------+--------+--------+-----+--------+

Top non-repeatable levels by time:
     D:1: 49 daAuts
